AoeStats
← 晚辞

Arena

510536398Analyzed
4v4 RM · 2d ago on Oct 1, 2026· 35m 32s· 8 players
Game mode
Random Map
Map size
Large (8 player)
Population
200
Speed
Normal
Resources
Standard
Victory
Conquest
Starting age
Dark Age
Ending age
Imperial Age
RankedLock teamsTeams togetherTeam positionsShared explorationLock speedFull tech treeHidden civsTurbo modeCheats
Victory
Defeat
🇨🇳 Khmer · China
1638
+12
🇦🇺 Danes · Australia
1631
+12
🇻🇳 Romans · Vietnam
1615
+13
🇨🇳 Saracens · China
1560
+16
🇨🇳 Japanese · China
1566
-14
🇨🇳 Poles · China
1561
-14
🇨🇳 Mapuche · China
1547
-13
🇨🇳 Persians · China
1512
-12
苏东坡的粉丝
11:00 Feudal Age
15:06 Castle Age
12:58 Double-Bit Axe
13:08 Horse Collar
13:43 Gold Mining
14:47 Stone Mining
16:27 Bow Saw
23:11 Wheelbarrow
23:07 Heavy Plow
25:05 Gold Shaft Mining
24:48 Loom
25:21 Hand Cart
29:40 Imperial Age
28:15 Scale Barding Armor
28:21 Forging
28:43 Bloodlines
28:34 Husbandry
29:46 Chain Barding Armor
29:47 Heavy Camel Rider
31:04 Iron Casting
30:53 Conscription
31:32 Plate Barding Armor
31:49 Plate Barding Armor
31:42 Fletching
35:19 Blast Furnace
TaoRatGa
10:32 Feudal Age
14:24 Castle Age
12:50 Double-Bit Axe
13:03 Horse Collar
16:45 Bow Saw
19:34 Loom
23:30 Wheelbarrow
28:17 Imperial Age
26:03 Gold Mining
26:04 Stone Mining
29:10 Heavy Scorpion
30:35 Ballistas
31:57 Chemistry
33:15 Ballistics
33:16 Masonry
36:20 Hand Cart
35:51 Town Watch
35:58 Fletching
36:17 Siege Engineers
小白
10:03 Feudal Age
12:53 Castle Age
10:48 Double-Bit Axe
11:30 Horse Collar
16:04 Loom
19:00 Bow Saw
21:00 Heavy Plow
21:01 Light Cavalry
23:32 Bloodlines
24:08 Wheelbarrow
25:22 Gold Mining
25:23 Stone Mining
29:00 Imperial Age
27:28 Gold Shaft Mining
27:30 Tusk Swords
28:19 Scale Barding Armor
28:16 Husbandry
28:42 Forging
29:26 Chain Barding Armor
29:45 Hand Cart
30:17 Conscription
32:48 Ballistics
33:05 Plate Barding Armor
33:04 Crop Rotation
33:07 Elite Battle Elephant
33:54 Fletching
35:28 Iron Casting
35:43 Bodkin Arrow
Mau5
11:02 Feudal Age
14:47 Castle Age
12:49 Double-Bit Axe
16:32 Bow Saw
16:03 Horse Collar
20:08 Wheelbarrow
19:50 Heavy Plow
22:53 Gold Mining
23:36 Hand Cart
23:29 Stone Mining
24:57 Loom
27:42 Imperial Age
25:46 Forging
25:50 Scale Mail Armor
26:00 Town Watch
26:41 Caravan
28:00 Chain Mail Armor
28:21 Iron Casting
27:49 Squires
27:34 Gambesons
29:08 Conscription
28:49 Padded Archer Armor
29:20 Plate Mail Armor
29:12 Elite Jomsviking
31:37 Blast Furnace
30:39 Fletching
31:12 Ballistics
33:31 Bodkin Arrow
33:10 Hamask
33:23 Onager
35:58 Siege Engineers
给你一棒槌
10:00 Feudal Age
13:42 Castle Age
11:32 Double-Bit Axe
11:57 Horse Collar
14:51 Bow Saw
20:00 Wheelbarrow
20:50 Bow Saw
21:44 Heavy Plow
22:06 Gold Mining
22:08 Stone Mining
22:59 Hand Cart
24:03 Gold Shaft Mining
28:11 Imperial Age
晚辞
10:28 Feudal Age
11:56 Double-Bit Axe
14:24 Castle Age
12:51 Horse Collar
15:17 Bow Saw
23:36 Wheelbarrow
23:59 Heavy Plow
24:45 Hand Cart
24:28 Gold Mining
28:41 Imperial Age
26:08 Loom
27:09 Scale Barding Armor
27:14 Forging
27:04 Town Watch
27:14 Stone Mining
28:02 Gold Shaft Mining
28:44 Stone Shaft Mining
28:48 Bloodlines
28:38 Husbandry
29:14 Chain Barding Armor
29:29 Iron Casting
30:47 Two-Man Saw
29:10 Elite War Elephant
30:11 Conscription
30:37 Plate Barding Armor
31:13 Crop Rotation
32:08 Chemistry
31:35 Masonry
34:48 Architecture
35:04 Pikeman
35:45 Squires
36:49 Blast Furnace
35:50 Scale Mail Armor
真的很弱
9:51 Feudal Age
13:39 Castle Age
12:04 Double-Bit Axe
12:43 Horse Collar
21:30 Wheelbarrow
21:42 Bow Saw
29:10 Imperial Age
26:26 Loom
26:57 Town Watch
28:02 Gold Mining
28:04 Stone Mining
28:08 Fletching
27:52 Pikeman
28:33 Squires
28:18 Arson
29:00 Bodkin Arrow
29:24 Yasama
30:04 Hand Cart
30:21 Bracer
32:28 Chemistry
31:09 Treadmill Crane
31:47 Heavy Plow
32:44 Gold Shaft Mining
32:19 Guard Tower
32:15 Arrowslits
32:50 Murder Holes
33:30 Ballistics
33:34 Conscription
33:45 Scale Mail Armor
33:55 Forging
34:52 Keep
33:48 Halberdier
35:48 Two-Man Saw
35:15 Masonry
35:16 Fortified Wall
shenxu
10:05 Feudal Age
13:43 Castle Age
11:47 Double-Bit Axe
12:01 Horse Collar
14:52 Bow Saw
15:38 Heavy Plow
22:13 Wheelbarrow
26:54 Imperial Age
25:08 Gold Mining
25:09 Stone Mining
25:07 Treadmill Crane
25:34 Scale Barding Armor
26:03 Hand Cart
26:04 Szlachta Privileges
26:25 Bloodlines
26:54 Chain Barding Armor
27:05 Husbandry
26:57 Cavalier
27:59 Conscription
28:14 Forging
28:39 Crop Rotation
30:02 Iron Casting
32:25 Blast Furnace
Connection lost

Rejoining the realm…

Still unreachable

The connection could not be restored.

Session expired

The server has moved on; the page needs a fresh start.